 Dungeon Crawl Stone Soup version 0.20-a0-1006-ge6c5631 (webtiles) character file.

81 Firecrotchwizard the Cudgeler (level 4, -2/28 HPs)
             Began as a Gargoyle Gladiator on Apr 14, 2017.
             Slain by Sigmund
             ... wielding a +0 scythe
              (4 damage)
             ... on level 3 of the Dungeon.
             The game lasted 00:06:25 (1832 turns).

Firecrotchwizard the Cudgeler (Gargoyle Gladiator)  Turns: 1832, Time: 00:06:26

Health: -2/28      AC: 13    Str: 18    XL:     4   Next: 42%
Magic:  4/4        EV:  8    Int:  8    God:
Gold:   68         SH:  0    Dex: 12    Spells: 3/3 levels left

rFire    . . .     SeeInvis .   a - +0 flail
rCold    . . .     Gourm    .   (no shield)
rNeg     + . .     Faith    .   i - +0 chain mail
rPois    ∞         Spirit   .   c - +0 helmet
rElec    +         Reflect  .   (no cloak)
rCorr    .         Harm     .   (no gloves)
MR       .....                  (no boots)
Stlth    ..........             (no amulet)
Regen    0.1/turn               (no ring)
MPRegen  0.1/turn               (no ring)

@: no status effects
A: negative energy resistance 1, electricity resistance, unbreathing,
petrification resistance, rot immunity, AC +3
a: no special abilities


You were on level 3 of the Dungeon.
You were very hungry.

You visited 1 branch of the dungeon, and saw 3 of its levels.

You collected 68 gold pieces.

Inventory:

Hand Weapons
 a - a +0 flail (weapon)
Missiles
 d - 3 throwing nets {=f, !d}
Armour
 b - a +0 leather armour
 c - a +0 helmet (worn)
 i - a +0 chain mail (worn)
   (You found it on level 1 of the Dungeon)
 l - a +0 pair of boots
   (You found it on level 1 of the Dungeon)
Scrolls
 e - 2 scrolls of blinking {unknown}
 j - 4 scrolls of teleportation {unknown}
 k - 2 scrolls of remove curse {unknown}
 r - a scroll of enchant armour {unknown}
 s - a scroll of amnesia {unknown}
 t - a scroll of magic mapping {unknown}
Potions
 h - 2 potions of lignification {unknown}
 m - 3 potions of ambrosia {unknown}
 n - 2 potions of heal wounds {unknown}
 p - a potion of degeneration {unknown}
Comestibles
 f - 4 bread rations {@e1}


   Skills:
 + Level 3.0 Fighting
 * Level 3.7 Maces & Flails
 - Level 1.7 Throwing
 + Level 1.5 Armour
 + Level 3.0 Dodging


You had 3 spell levels left.
You didn't know any spells.

Dungeon Overview and Level Annotations

Branches:
Dungeon (3/15)

Altars:
Ru
Zin

Annotations:
D:3 Sigmund


Innate Abilities, Weirdness & Mutations

You are resistant to torment.
Your stone body is resilient. (AC +3)
You are immune to poison.
You resist negative energy. (rN+)
You are resistant to electric shocks. (rElec)
You can survive without breathing.
You are immune to petrification.
You are immune to rotting.


Message History

You hit the worm but do no damage.
You are feeling hungry.
Your chain mail prevents you from hitting the worm.
The worm barely misses you.
You thump the worm! The worm closely misses you.
You hit the worm. The worm bites you but does no damage.
Your chain mail prevents you from hitting the worm.
You hit the worm. The worm bites you!
You take 7 damage, and have 21/28 hp.
MASSIVE DAMAGE!!
You hit the worm but do no damage. The worm closely misses you.
You sock the worm!
You kill the worm!
No target in view!
You start resting.
Health restored: 28 You may need something to eat soon, looking for food.
Can't find anything matching that.
Sorry, you're not good enough to have a special ability.
o - a javelin
k - 2 scrolls labeled WIRRYPEASO (gained 1)
o - 2 javelins (gained 1)
q - a tomahawk You now have 58 gold pieces (gained 7).
You now have 68 gold pieces (gained 10).
You see here a dagger.
m - 3 puce potions (gained 2) Sigmund the Dreaded comes into view.
He is wielding a scythe.
Sigmund shouts!
Sorry, you're not good enough to have a special ability.
Aim: Sigmund, wielding a scythe and wearing a robe You throw a tomahawk.
The tomahawk barely misses Sigmund.
Aim: Sigmund, wielding a scythe and wearing a robe You throw a javelin.
The javelin closely misses Sigmund.
Aim: Sigmund, wielding a scythe and wearing a robe You throw a javelin.
The javelin hits Sigmund!
You closely miss Sigmund.
You are feeling very hungry.
Sigmund hits you but does no damage.
You barely miss Sigmund. Sigmund barely misses you.
You hit Sigmund. Sigmund gestures at you while chanting.
The magic dart hits you!
You barely miss Sigmund. Sigmund closely misses you.
You hit Sigmund. Sigmund hits you but does no damage.
You hit Sigmund but do no damage.
Sigmund says, "Your kind have come here before.
I understand now why.
You desire death..."
Sigmund hits you with a scythe.
You take 2 damage, and have 26/28 hp.
You sock Sigmund! You barely miss Sigmund. Sigmund casts a spell at you.
You resist with some effort. Sigmund casts a spell at you.
You are confused.
You bump into the rock wall.
Sigmund gestures at you while chanting.
You are more confused.
You bump into the rock wall.
Sigmund misses you. Sigmund hits you but does no damage.
Sigmund barely misses you. Sigmund hits you with a scythe.
You take 2 damage, and have 25/28 hp.
You barely miss Sigmund.
Sigmund points at you and mumbles some strange words.
You are more confused.
You're too confused to move!
Sigmund gestures at you while chanting. The puff of flame hits you!
You closely miss Sigmund. Sigmund barely misses you.
Sigmund hits you from afar with a scythe.
You take 5 damage, and have 20/28 hp.
Sigmund smiles chillingly.
Sigmund points at you and mumbles some strange words.
You are more confused.
Sigmund gestures at you while chanting. The puff of flame hits you!
You take 9 damage, and have 12/28 hp.
MASSIVE DAMAGE!!
Sigmund casts a spell at you. You resist with some effort.
Sigmund's eyes start glowing with a red light.
Sigmund mumbles some strange words.
Sigmund flickers and vanishes!
Deactivating autopickup; reactivate with Ctrl-A.
You feel less confused. Something hits you.
* * * LOW HITPOINT WARNING * * *
You take 5 damage, and have 7/28 hp.
You hear some strange, mumbled words.
A magic dart appears from out of thin air!
The magic dart hits you!
* * * LOW HITPOINT WARNING * * *
You take 6 damage, and have 2/28 hp.
MASSIVE DAMAGE!!
A magic dart appears from out of thin air!
The magic dart hits you! Something hits you but does no damage.
Something hits you.
You die...

#.### #(# .###.#<######.#
###### #...........##.# #....#
#####.......##(#
#....##########....##.#
...................##.#
#....#########.....##.#########
#........# #.....##..........
#####.##.#####..@......########
#####.##.#.............#
......##.#........#....#
########.#........#....#
#.#####....#....#
#.#........#....#
########.#........#......
........)................
##.#######........####..


There were no monsters in sight!

Vanquished Creatures
  2 adders (D:2)
  2 oozes (D:2)
  A worm (D:3)
  4 dart slugs
  2 leopard geckos (D:1)
  2 ball pythons
  3 bats (D:1)
  A giant cockroach (D:1)
  5 goblins
  3 hobgoblins (D:1)
  2 jackals (D:1)
  3 frilled lizards
  6 kobolds
  9 rats
45 creatures vanquished.

Notes
Turn   | Place    | Note
-------+----------+-------------------------------------------
     0 | D:1      | Firecrotchwizard the Gargoyle Gladiator began the quest for the Orb.
     0 | D:1      | Reached XP level 1. HP: 12/12 MP: 1/1
    66 | D:1      | Reached XP level 2. HP: 18/18 MP: 2/2
   249 | D:1      | Reached skill level 1 in Armour
   375 | D:1      | Reached XP level 3. HP: 21/22 MP: 3/3
   994 | D:2      | Found a sacrificial altar of Ru.
  1015 | D:2      | Reached XP level 4. HP: 27/27 MP: 4/4
  1020 | D:2      | Found a glowing silver altar of Zin.
  1132 | D:2      | Reached skill level 3 in Fighting
  1314 | D:2      | Reached skill level 3 in Dodging
  1790 | D:3      | Noticed Sigmund
  1827 | D:3      | HP: 7/28 [something (5)]
  1829 | D:3      | HP: 2/28 [something/magic dart (6)]
  1832 | D:3      | Slain by Sigmund

Vault maps used:
D:1:      dpeg_arrival_tiny_d
D:2:      chequers_temple_overflow_statue_of_worship, first_bread
D:3:      uniq_sigmund

Skill      XL: |  1  2  3  4 |
---------------+-------------+-----
Armour         | 1 |  1.5
Fighting       | 3 |  3.0
Dodging        | 3 |  3.0
Maces & Flails | |  3.7
Throwing       | |  1.7

Action                   |  1- 3 |  4- 6 || total
-------------------------+-------+-------++-------
Melee: Flail             |   106 |    37 ||   143
Throw: Tomahawk          |    29 |    10 ||    39
       Javelin           |    13 |     8 ||    21
  Eat: Chunk             |     1 |     1 ||     2
Armor: Leather armour    |    11 |       ||    11
       Chain mail        |    71 |    18 ||    89
Dodge: Dodged            |    51 |    14 ||    65

Vault maps used:
D:1:      dpeg_arrival_tiny_d
D:2:      chequers_temple_overflow_statue_of_worship, first_bread
D:3:      uniq_sigmund

Table legend:
 A = Turns spent in this place as a percentage of turns spent in the entire game.
 B = Non-inter-level travel turns spent in this place as a percentage of non-inter-level travel turns spent in the entire game.
 C = Inter-level travel turns spent in this place as a percentage of turns spent in this place.
 D = Turns resting spent in this place as a percentage of non-inter-level travel turns spent in this place.
 E = Turns spent auto-exploring this place as a percentage of non-inter-level travel turns spent in this place.
 F = Non-inter-level travel turns spent in this place divided by the number of levels of this place that you've seen.
                   A       B       C       D       E      F
               +-------+-------+-------+-------+-------+----------------------
         Total | 100.0 | 100.0 |   1.9 |   1.8 |  12.5 | 152.0
       Dungeon | 100.0 | 100.0 |   1.9 |   1.8 |  12.5 | 152.0
               +-------+-------+-------+-------+-------+----------------------

Table legend:
 A = Kills in this place as a percentage of kills in entire the game.
 B = Kills by you in this place as a percentage of kills by you in the entire game.
 C = Kills by friends in this place as a percentage of kills by friends in the entire game.
 D = Other kills in this place as a percentage of other kills in the entire game.
 E = Experience gained in this place as a percentage of experience gained in the entire game.
 F = Experience gained in this place divided by the number of levels of this place that you have seen.
                   A       B       C       D       E      F
               +-------+-------+-------+-------+-------+----------------------
         Total | 100.0 | 100.0 |  -nan |  -nan | 100.0 |  39.0
       Dungeon | 100.0 | 100.0 |  -nan |  -nan | 100.0 |  39.0
               +-------+-------+-------+-------+-------+----------------------
